 Dungeon Crawl Stone Soup version 0.20.1-1-g8b1a95d (webtiles) character file.

3402 Linguinho the Poker (level 9, -12/61 (62) HPs)
             Began as a Demonspawn Fighter on Nov 12, 2017.
             Was a Follower of Ashenzari.
             Killed from afar by a deep elf mage (21 damage)
             ... with a bolt of magma
             ... in a bailey.
             The game lasted 00:15:16 (6652 turns).

Linguinho the Poker (Demonspawn Fighter)            Turns: 6652, Time: 00:15:18

HP:   -12/61 (62)   AC: 13    Str: 19    XL:     9   Next: 75%
MP:   9/9           EV: 12    Int:  9    God:    Ashenzari [*.....]
Gold: 164           SH:  0    Dex: 10    Spells: 8/8 levels left

rFire    + . .     SeeInvis .   x - +2 spear (venom) (curse)
rCold    . . .     Gourm    .   (no shield)
rNeg     + . .     Faith    .   d - +2 ring mail {rN+}
rPois    +         Spirit   .   (helmet restricted)
rElec    .         Reflect  .   I - +0 cloak {rPois} (curse)
rCorr    .         Harm     .   (no gloves)
MR       .....                  G - +0 pair of boots
Stlth    +.........             y - amulet of magic regeneration
Regen    0.2/turn               (no ring)
MPRegen  0.2/turn               (no ring)

@: no status effects
A: hooves 1, horns 2, yellow scales 1, clumsy 1, deterioration 1, fire
resistance 1, frail 1, powered by death 1, weak 1
a: Curse Item, Scrying, Renounce Religion


You were in a bailey.
You worshipped Ashenzari.
Ashenzari was aware of your devotion.
You were hungry.

You visited 1 branch of the dungeon, and saw 8 of its levels.
You also visited: Bailey.

You collected 394 gold pieces.
You spent 230 gold pieces at shops.

Inventory:

Hand Weapons
 a - a +0 war axe
 x - a cursed +2 spear of venom (weapon)
Armour
 c - a +0 shield
 d - a +2 ring mail of positive energy (worn)
 l - a +0 plate armour
 G - a +0 pair of boots (worn)
 I - a cursed +0 cloak of poison resistance (worn)
Jewellery
 y - an amulet of magic regeneration (around neck)
Wands
 E - a wand of iceblast (10/15)
 K - a wand of acid (6/15)
 L - a wand of disintegration (11/24)
Scrolls
 b - a scroll of magic mapping {unknown}
 j - 3 scrolls of enchant armour {unknown}
 k - 3 scrolls of teleportation
 n - 4 scrolls of immolation
 s - a scroll of recharging {unknown}
 u - 2 scrolls of fog {unknown}
 v - 2 scrolls of remove curse
 A - a scroll of amnesia {unknown}
 F - a scroll of identify
 H - a scroll of enchant weapon
Potions
 e - a potion of might
 g - 4 potions of agility
 i - 3 potions of degeneration {unknown}
 p - 5 potions of curing
 q - 3 potions of haste
 t - 2 potions of ambrosia
 w - 2 potions of berserk rage {unknown}
 z - 2 potions of mutation {unknown}
 B - a potion of heal wounds {unknown}
 D - 3 potions of flight {unknown}
Books
 r - a book of Battle

   Spells                             Type                      Level
   a - Infusion                       Charms                       1
   b - Shroud of Golubria             Charms/Translocation         2
   c - Song of Slaying                Charms                       2
   d - Spectral Weapon                Hexes/Charms                 3
   e - Regeneration                   Charms/Necromancy            3
 C - a book of Debilitation

   Spells                             Type                      Level
   a - Corona                         Hexes                        1
   b - Slow                           Hexes                        2
   c - Inner Flame                    Hexes/Fire                   3
   d - Portal Projectile              Hexes/Translocation          3
   e - Cause Fear                     Hexes                        4
   f - Leda's Liquefaction            Hexes/Earth                  4
 J - a book of Clouds

   Spells                             Type                      Level
   a - Poisonous Vapours              Poison/Air                   2
   b - Mephitic Cloud                 Conjuration/Poison/Air       3
   c - Conjure Flame                  Conjuration/Fire             3
   d - Freezing Cloud                 Conjuration/Ice/Air          6
   e - Ring of Flames                 Charms/Fire                  7
Comestibles
 f - 5 bread rations
 h - 9 fruits
 m - 5 royal jellies
 o - 5 meat rations


   Skills:
 + Level 5.6 Fighting
 + Level 5.3(6.9) Axes
 + Level 6.7(7.6) Polearms
 + Level 6.7 Armour
 + Level 3.4 Dodging
 + Level 1.0 Stealth
 + Level 4.7 Shields


You had 8 spell levels left.
You didn't know any spells.

Dungeon Overview and Level Annotations

Branches:
Dungeon (8/15)             Temple (0/1) D:6
   Lair: D:8-11

Altars:
Ashenzari
Dithmenos
Hepliaklqana
Makhleb
Ru
Uskayaw

Shops:
D:4 [   D:5 *


Innate Abilities, Weirdness & Mutations

You have a pair of horns on your head.
You are partially covered in yellow scales. (AC +2)
Your flesh is heat resistant. (rF+)
You regenerate a little health from kills.
You have large cloven feet.
You are clumsy. (Dex -2)
Your body sometimes deteriorates upon taking damage.
You are frail. (-10% HP)
You are weak. (Str -2)


Message History

The deep elf mage hits you but does no damage.
You puncture the deep elf mage!
The deep elf mage is moderately wounded.
The deep elf mage gestures wildly while chanting.
You puncture the deep elf mage!
The deep elf mage is poisoned.
Your headbutt misses the deep elf mage.
The deep elf mage is heavily wounded.
You hit the deep elf mage.
The deep elf mage looks as sick as possible!
The deep elf mage is heavily wounded.
The deep elf mage points at you and mumbles some strange words.
The stone arrow hits you!
You hit the deep elf mage but do no damage.
The deep elf mage looks as sick as possible!
The deep elf mage is heavily wounded.
The earth elemental hits you!!
* * * LOW HITPOINT WARNING * * *
The deep elf mage casts a spell at you. The bolt of magma hits you!
You partially resist.
You die...

#..)..#.....#
#..∩..#.....#
#.....#.....#
##....#....#
#####)#
##....#....#
#.....#.....#
#.E...#.....#
#.@...#.....#
##e..###...##
.#### ###. ..
.. ... ##..
###


You could see an earth elemental and a deep elf mage.

Vanquished Creatures
  4 deep elf magi (Bailey)
  Sigmund (D:4)
  Edmund (D:3)
  A water moccasin (D:5)
  A sky beast (D:6)
  2 ice beasts (D:5)
  3 ogres
  A necrophage (D:8)
  3 bullfrogs
  2 howler monkeys (D:7)
  2 crimson imps
  9 hounds
  A bullfrog skeleton (D:4)
  2 orc priests
  A centaur skeleton (D:8)
  2 orc wizards
  An iguana (D:7)
  5 worker ants
  A gnoll (D:8)
  A howler monkey skeleton (D:3)
  15 adders
  A shadow imp (D:6)
  A worm (D:3)
  5 dart slugs
  6 leopard geckos
  12 orcs
  4 giant cockroaches
  13 goblins
  5 hobgoblins
  12 jackals
  3 quokkas (D:7)
  3 ball pythons
  7 bats
  8 frilled lizards
  A jackal skeleton (D:5)
  10 kobolds
  2 quokka skeletons
  16 rats
168 creatures vanquished.

Notes
Turn   | Place    | Note
-------+----------+-------------------------------------------
     0 | D:1      | Linguinho the Demonspawn Fighter began the quest for the Orb.
     0 | D:1      | Reached XP level 1. HP: 18/18 MP: 1/1
   379 | D:1      | Gained mutation: You regenerate a little health from kills. [demonic ancestry]
   379 | D:1      | Reached XP level 2. HP: 11/24 MP: 2/2
   894 | D:1      | Gained mutation: Your flesh is heat resistant. (rF+) [demonic ancestry]
   894 | D:1      | Reached XP level 3. HP: 25/29 MP: 3/3
  1378 | D:2      | Reached XP level 4. HP: 35/35 MP: 4/4
  1872 | D:3      | Reached XP level 5. HP: 24/41 MP: 5/5
  2218 | D:4      | Found Cygamn's Antique Armour Shoppe.
  2436 | D:4      | Gained mutation: You have a pair of small horns on your head. [demonic ancestry]
  2436 | D:4      | Reached XP level 6. HP: 48/48 MP: 6/6
  2780 | D:4      | Noticed Edmund
  2781 | D:4      | Noticed Sigmund
  3219 | D:4      | Found a sacrificial altar of Ru.
  3267 | D:4      | Killed Sigmund
  3278 | D:4      | Found a burning altar of Makhleb.
  3280 | D:4      | Found a hide-covered altar of Uskayaw.
  3280 | D:4      | Found a hazy altar of Hepliaklqana.
  3285 | D:4      | Found a shattered altar of Ashenzari.
  3292 | D:4      | Gained mutation: You have a pair of horns on your head. [demonic ancestry]
  3292 | D:4      | Reached XP level 7. HP: 42/53 MP: 7/7
  3308 | D:4      | Became a worshipper of Ashenzari the Shackled
  3815 | D:3      | Killed Edmund
  3815 | D:3      | Reached skill level 1 in Dodging
  3855 | D:5      | Entered Level 5 of the Dungeon
  4016 | D:5      | Reached skill level 5 in Axes
  4016 | D:5      | Reached skill level 5 in Armour
  4034 | D:5      | Got the cursed chain mail of the Orcish Mines {Int+6}
  4154 | D:5      | Reached XP level 8. HP: 22/60 MP: 8/8
  4569 | D:5      | Reached skill level 1 in Polearms
  4712 | D:5      | Found Hikatuas's General Store.
  4718 | D:5      | Bought a scroll of identify for 22 gold pieces
  4718 | D:5      | Bought a scroll of remove curse for 33 gold pieces
  4718 | D:5      | Bought a scroll of enchant weapon for 82 gold pieces
  4718 | D:5      | Bought a +0 cloak of poison resistance for 93 gold pieces
  4718 | D:5      | Identified the cursed +0 chain mail of the Orcish Mines {Int+6} (You found it on level 5 of the Dungeon)
  4865 | D:6      | Gained mutation: You are frail. (-10% HP) [mutagenic meat]
  4866 | D:6      | Gained mutation: You are weak. (Str -2) [mutagenic meat]
  4867 | D:6      | Gained mutation: You have large cloven feet. [mutagenic meat]
  4868 | D:6      | Gained mutation: Your body sometimes deteriorates upon taking damage. [mutagenic meat]
  4870 | D:6      | Gained mutation: You are clumsy. (Dex -2) [mutagenic meat]
  5065 | D:6      | Found a staircase to the Ecumenical Temple.
  5231 | D:6      | Reached * piety under Ashenzari
  5569 | D:7      | Found a shadowy altar of Dithmenos.
  6172 | D:8      | Found a burning altar of Makhleb.
  6263 | D:8      | Gained mutation: You are partially covered in yellow scales. (AC +2) [demonic ancestry]
  6263 | D:8      | Reached XP level 9. HP: 37/59 MP: 9/9
  6558 | D:8      | Found a flagged portal.
  6571 | D:8      | Reached skill level 5 in Polearms
  6595 | Bailey   | Entered a bailey
  6603 | Bailey   | Noticed a deep elf mage
  6614 | Bailey   | Killed a deep elf mage
  6614 | Bailey   | Reached skill level 5 in Fighting
  6619 | Bailey   | Noticed a deep elf mage
  6620 | Bailey   | Noticed a deep elf mage
  6620 | Bailey   | Noticed a deep elf mage
  6631 | Bailey   | Killed a deep elf mage
  6642 | Bailey   | Killed a deep elf mage
  6642 | Bailey   | Reached skill level 1 in Stealth
  6643 | Bailey   | Killed a deep elf mage
  6645 | Bailey   | Noticed a deep elf mage
  6652 | Bailey   | Killed from afar by a deep elf mage

Skill      XL: |  1  2  3  4  5  6  7  8  9 |
---------------+----------------------------+-----
Shields        | 3 4 |  4.7
Axes           | 2 3 4 5 |  5.3
Armour         | 3 4 5 6 |  6.7
Dodging        | 1 2 3 |  3.4
Fighting       | 4 5 |  5.6
Polearms       | 4 6 |  6.7
Stealth        | 1 |  1.0

Action                   |  1- 3 |  4- 6 |  7- 9 || total
-------------------------+-------+-------+-------++-------
Melee: War axe           |   175 |   223 |     3 ||   401
       Headbutt          |       |    21 |    42 ||    63
       Spear             |       |       |   328 ||   328
       Kick              |       |       |     5 ||     5
Invok: Curse Item        |       |       |     2 ||     2
  Use: Potion            |       |     3 |     1 ||     4
       Scroll            |       |       |     6 ||     6
  Eat: Chunk             |     1 |     6 |    18 ||    25
Armor: Scale mail        |    66 |       |       ||    66
       Plate armour      |    90 |   159 |     2 ||   251
       Ring mail         |       |       |   123 ||   123
Dodge: Dodged            |    60 |    34 |   168 ||   262
Block: Shield            |   108 |   123 |     1 ||   232
